 Dungeon Crawl Stone Soup version 0.28-a0-178-ga708605c5b (webtiles) character file.

Game seed: 11653073060227024492

118 willcat the Sneak (level 5, -4/36 HPs)
             Began as an Octopode Delver on Aug 18, 2021.
             Was an Initiate of Nemelex Xobeh.
             Slain by a water moccasin (7 damage)
             ... on level 6 of the Dungeon.
             The game lasted 00:02:52 (598 turns).

willcat the Sneak (Octopode Delver)                  Turns: 598, Time: 00:02:53

Health: -4/36      AC:  1    Str: 10 (11) XL:     5   Next: 2%
Magic:  6/6        EV: 13    Int: 12 (13) God:    Nemelex Xobeh [......]
Gold:   9          SH:  0    Dex: 11 (14) Spells: 4/4 levels left

rFire   . . .      SeeInvis .   a - +0 short sword
rCold   . . .      Faith    .   (no shield)
rNeg    . . .      Spirit   .   (helmet restricted)
rPois   .          Reflect  .   (no amulet)
rElec   .          Harm     .   (no ring)
rCorr   .          Rampage  .   (no ring)
Will    .....                   (no ring)
Stlth   ++++......              (no ring)
HPRegen 0.12/turn               (no ring)
MPRegen 0.10/turn               (no ring)
                                (no ring)
                                (no ring)

@: lethally poisoned (-4 -> -9), hasted, very quick
A: almost no armour, amphibious, 8 rings, camouflage 1, gelatinous body 1,
(nimble swimmer 1), tentacles
a: Renounce Religion, Draw Escape, Draw Destruction, Draw Summoning


You were on level 6 of the Dungeon.
You worshipped Nemelex Xobeh.
Nemelex Xobeh was noncommittal.
You visited 2 branches of the dungeon, and saw 3 of its levels.

You collected 9 gold pieces.

Inventory:

Hand Weapons
 a - a +0 short sword (weapon)
Wands
 f - a wand of digging (3)
Scrolls
 b - a scroll of fog
 c - a scroll of magic mapping
 d - a scroll of fear
 i - a scroll of enchant weapon {unknown}
Potions
 h - a potion of flight {unknown}


   Skills:
 - Level 3.0 Fighting
 + Level 3.0 Short Blades
 + Level 3.0 Dodging
 + Level 7.4 Stealth
 + Level 2.2 Invocations


You had 4 spell levels left.
You didn't know any spells.
Your spell library was empty.

Dungeon Overview and Level Annotations

Branches:
Dungeon (6/15)             Temple (1/1) D:5

Altars:
Cheibriados
Fedhas
Gozag
Makhleb
Nemelex Xobeh
Okawaru
Qazlal
Ru
Sif Muna
Uskayaw
Vehumet
Xom
Yredelemnul
Zin
The Shining One


Innate Abilities, Weirdness & Mutations

You cannot wear most types of armour.
You are amphibious.
You can wear up to eight rings at the same time.
Your skin changes colour to match your surroundings (Stealth+).
Your rubbery body absorbs attacks. (AC +1, EV +1)
((You are camouflaged near water. (Stealth+)))
You have tentacles for arms and can constrict up to eight enemies at once.


Message History

The orc priest misses you.
You hit the orc priest but do no damage.
The orc priest is heavily wounded.
You constrict the orc.
You kill the orc!
You constrict the orc priest. The orc priest hits you with a +0 club.
Your Invocations skill increases to level 2!
You hit the orc priest. You squeeze the orc priest.
You kill the orc priest!
Your Short Blades skill increases to level 3!
Your Dodging skill increases to level 3!
You have reached level 5!
You feel clever.
Unknown command.
You start resting.
A water moccasin is nearby!
Items here: )) [ ††.
The water moccasin hisses angrily.
You see here a +0 dagger.
You feel yourself speed up. The water moccasin bites you!
There is a stone staircase leading down here.
The water moccasin bites you.
You are poisoned.
The water moccasin poisons you!
You climb downwards.
You feel very sick. The ogre hits you with a +0 giant club.
* * * LOW HITPOINT WARNING * * *
There is a stone staircase leading up, spattered with blood here.
* * * LOW HITPOINT WARNING * * *
You feel sick. The water moccasin closely misses you.
* * * LOW HITPOINT WARNING * * *
You feel sick.
It was a potion of degeneration.
There was something very wrong with that liquid.
You feel weakened.
You feel dopey.
You feel clumsy.
* * * LOW HITPOINT WARNING * * *
You feel sick. The water moccasin bites you!
You die...
Your body disappears without a glow.

##..#####.###.
####...##........
#....#....##.##..
#######.##...#####.#
.. ....>#...#...#
#Z# >. ##
#...#O...#># #.# ..
.. #.Z<#...## #.# .#
#.###S###.## #.# .#
#...@<# ..# #.# .#
#.##### ### #.##..
.. #..... #.
........... #
###########


You could see a water moccasin, an ogre and a bullfrog zombie.

Vanquished Creatures
  A bullfrog skeleton (D:6)
  An orc priest (D:5)
  A hound (D:5)
  3 adders
  2 orcs (D:5)
8 creatures vanquished.

Notes
Turn   | Place    | Note
-------+----------+-------------------------------------------
     0 | D:5      | willcat the Octopode Delver began the quest for the Orb.
     0 | D:5      | Reached XP level 1. HP: 16/16 MP: 1/1
    19 | D:5      | Noticed a water moccasin
    30 | D:5      | Noticed a sky beast
    48 | D:5      | Found a staircase to the Ecumenical Temple.
    57 | Temple   | Entered the Ecumenical Temple
   118 | Temple   | Became a worshipper of Nemelex Xobeh the Trickster
   177 | D:5      | Reached XP level 2. HP: 21/21 MP: 2/2
   231 | D:5      | Reached skill level 1 in Invocations
   261 | D:5      | Reached skill level 7 in Stealth
   261 | D:5      | Reached XP level 3. HP: 22/26 MP: 2/4
   331 | D:6      | Reached XP level 4. HP: 23/31 MP: 5/5
   538 | D:6      | Noticed an ogre
   579 | D:5      | Reached XP level 5. HP: 29/36 MP: 6/6
   598 | D:6      | Slain by a water moccasin

Illustrated notes

Levels and vault maps discovered:
D:5:      layout_layer_cave, pdpol_wu_jian_five_deadly_venoms,
          minmay_temple_entry_stoned_glass
D:6:      layout_loops_ring
Temple:   nicolae_temple_elliptical

Skill      XL: |  1  2  3  4 |
---------------+-------------+-----
Invocations    | 1 2 |  2.2
Stealth        | 7 |  7.4
Short Blades   | 3 |  3.0
Dodging        | 3 |  3.0
Fighting       | |  3.0

Action                   |  1- 3 |  4- 6 || total
-------------------------+-------+-------++-------
Melee: Short sword       |     7 |    12 ||    19
       Constrict         |     2 |     5 ||     7
       Tentacles         |     2 |     2 ||     4
  Use: Potion            |       |     2 ||     2
 Stab: Sleeping          |     3 |       ||     3
Dodge: Dodged            |     3 |     9 ||    12

Table legend: (Time is in decaauts)
 A = Elapsed time spent in this place.
 B = Non-inter-level travel time spent in this place.
 C = Inter-level travel time spent in this place.
 D = Time resting spent in this place.
 E = Time spent auto-exploring this place.
 F = Levels seen in this place.
 G = Mean time per level.
                   A        B        C        D        E       F      G
               +--------+--------+--------+--------+--------+-----+--------+
         Total |    595 |    579 |     16 |    186 |      0 |   3 |  198.3 |
       Dungeon |    509 |    505 |      4 |    186 |      0 |   2 |  254.5 |
        Temple |     85 |     73 |     12 |      0 |      0 |   1 |   85.0 |
               +--------+--------+--------+--------+--------+-----+--------+

Top non-repeatable levels by time:
     D:5: 272 daAuts
     D:6: 236 daAuts
  Temple: 85 daAuts
